 Dungeon Crawl Stone Soup version 0.20-a0-1058-g0491fde (webtiles) character file.

53 Gorglomux the Chopper (level 3, -1/30 HPs)
             Began as a Hill Orc Skald on Apr 26, 2017.
             Slain by Terence
             ... wielding a +0 flail
              (7 damage)
             ... on level 2 of the Dungeon.
             The game lasted 00:01:47 (1692 turns).

Gorglomux the Chopper (Hill Orc Skald)              Turns: 1692, Time: 00:01:48

Health: -1/30      AC:  3    Str: 13    XL:     3   Next: 87%
Magic:  1/5        EV: 11    Int: 13    God:
Gold:   73         SH:  0    Dex: 11    Spells: 2/5 levels left

rFire    . . .     SeeInvis .   a - +0 hand axe
rCold    . . .     Gourm    .   (no shield)
rNeg     . . .     Faith    .   b - +0 leather armour
rPois    .         Spirit   .   (no helmet)
rElec    .         Reflect  .   (no cloak)
rCorr    .         Harm     .   (no gloves)
MR       .....                  (no boots)
Stlth    ++........             (no amulet)
Regen    0.1/turn               l - ring of stealth {Stlth+}
MPRegen  0.1/turn               (no ring)

@: singing (expiring)
A: no striking features
a: no special abilities


You were on level 2 of the Dungeon.
You were hungry.

You visited 1 branch of the dungeon, and saw 2 of its levels.

You collected 73 gold pieces.

Inventory:

Hand Weapons
 a - a +0 hand axe (weapon)
Armour
 b - a +0 leather armour (worn)
Jewellery
 l - a ring of stealth (left hand) {Stlth+}
   (You found it on level 2 of the Dungeon)
Scrolls
 e - a scroll of recharging {unknown}
 h - a scroll of remove curse {unknown}
 k - a scroll of identify {unknown}
Potions
 g - a potion of heal wounds {unknown}
 j - a potion of berserk rage {unknown}
Books
 c - a book of Battle
Comestibles
 d - a bread ration {@e1@e1}
 f - 2 meat rations {@e2@e2}


   Skills:
 - Level 2.4 Fighting
 + Level 5.4 Axes
 - Level 1.1 Armour
 - Level 1.5 Dodging
 - Level 1.5 Spellcasting
 - Level 2.6 Charms


You had 2 spell levels left.
You knew the following spells:

 Your Spells              Type           Power        Failure   Level  Hunger
a - Infusion              Chrm           #...         11%         1    ##.....
S - Song of Slaying       Chrm           #.......     17%         2    ###....


Dungeon Overview and Level Annotations

Branches:
Dungeon (2/15)

Altars:
Nemelex Xobeh

Annotations:
D:2 Terence


Message History

You feel sick.
You take 1 damage, and have 3/30 hp.
You feel sick.
You are no longer poisoned.
You take 1 damage, and have 2/30 hp.
The kobold hits you but does no damage.
There is a stone staircase leading up here.
You see here a scroll labeled SIHEET WAPUSHRE.
MP restored: 5 You are feeling hungry.
A kobold comes into view. It is wielding a dagger.
There is a stone staircase leading up here.
You climb upwards.
There is a stone staircase leading down here.
You start resting.
Eating one of 2 chunks of flesh {@w0@w0}.
You eat one of the 2 chunks of flesh {@w0@w0}.
All of the chunks of flesh in your inventory have rotted away.
Health restored: 30 You miscast Song of Slaying.
You are very lightly contaminated with residual magic.
Multicoloured lights dance before your eyes!
You now have 3/5 mp. (m)acro, (M)acro raw, keymap [(k) default, (x) level-map, (t)argeting, (c)onfirm, m(e)nu], (s)ave?
Input macro trigger key: " Current Action: zc Do you wish to (r)edefine, (c)lear, or (a)bort?
Input macro action: zS Created macro '"' => 'zS'.
You climb downwards.
The kobold barely misses you. x2
There is a stone staircase leading up here.
The kobold shouts!
You hit the kobold but do no damage.
The kobold throws a stone.
The stone hits you but does no damage. The kobold hits you but does no damage.
You miss the kobold. The kobold hits you with a short sword.
You hit the kobold. The kobold completely misses you.
You hit the kobold.
You kill the kobold!
A leopard gecko comes into view.
You take 3 damage, and have 27/30 hp.
You barely miss the kobold. The kobold hits you but does no damage.
Terence the Incautious comes into view.
He is wielding a flail.
You begin infusing your attacks with magical energy.
Terence shouts!
The leopard gecko hisses angrily.
The kobold misses you.
You now have 2/5 mp.
Unknown command.
You start singing a song of slaying.
The kobold hits you but does no damage.
You now have 1/5 mp.
Unknown command.
You are feeling hungry.
You hit the kobold. The kobold hits you but does no damage.
You now have 0/5 mp.
You hit the kobold.
You kill the kobold!
The leopard gecko bites you.
Things that are here:
a dagger; a ring mail You take 2 damage, and have 26/30 hp.
You hit Terence but do no damage.
You hit the leopard gecko but do no damage.
The leopard gecko closely misses you. Terence hits you but does no damage.
Unknown command.
You barely miss Terence. You completely miss the leopard gecko.
The leopard gecko bites you. Terence barely misses you.
You take 2 damage, and have 24/30 hp.
You closely miss Terence. You hit the leopard gecko.
The leopard gecko bites you. Terence misses you.
You take 1 damage, and have 23/30 hp.
Unknown command.
You hit the leopard gecko.
You kill the leopard gecko!
You hit Terence but do no damage.
Your magical infusion is running out.
Unknown command.
You barely miss Terence. Terence hits you with a flail.
You take 4 damage, and have 19/30 hp.
You hit Terence but do no damage. Terence barely misses you.
You closely miss Terence. Terence closely misses you.
Your magical contamination has completely faded away.
You hit Terence but do no damage. Terence closely misses you.
You hit Terence. Terence hits you with a flail!
You take 7 damage, and have 12/30 hp.
MASSIVE DAMAGE!!
You hit Terence but do no damage.
You are no longer magically infusing your attacks.
You hit Terence. Terence barely misses you.
You hit Terence but do no damage.
Terence shouts, "DIE!!!"
Terence hits you with a flail!
* * * LOW HITPOINT WARNING * * *
You take 7 damage, and have 5/30 hp.
MASSIVE DAMAGE!!
Terence says, "You're history."
There is a stone staircase leading up here.
You see here a stone.
Your song is almost over.
You see here a scroll labeled SIHEET WAPUSHRE.
Terence hits you with a flail!
You die...

#..........###........
#................%#
##.#..........)#%#####.
...............?........
...#......).)......###.. ..
#....$.....$...##.##... ....
............#.....##...
....###.##......##..#.......
....... #..@#######.###.....
.......##.@?# #####.....##..
.....#.....## #.........## #
.........<#####...>..[...###
.......).).................#
.......###..............##..
......# ######.........####
..##.. #..........### . ...
................


You could see Terence.

Vanquished Creatures
  An adder (D:2)
  2 leopard geckos (D:2)
  2 bats (D:1)
  4 giant cockroaches
  4 hobgoblins
  3 jackals (D:1)
  6 kobolds
  A ball python (D:1)
  3 frilled lizards
  11 goblins
  A rat (D:1)
38 creatures vanquished.

Notes
Turn   | Place    | Note
-------+----------+-------------------------------------------
     0 | D:1      | Gorglomux the Hill Orc Skald began the quest for the Orb.
     0 | D:1      | Reached XP level 1. HP: 18/18 MP: 3/3
     9 | D:1      | Reached skill level 3 in Axes
   261 | D:1      | Reached XP level 2. HP: 25/25 MP: 0/4
   301 | D:1      | Reached skill level 4 in Axes
   474 | D:1      | Found a sparkling altar of Nemelex Xobeh.
   649 | D:1      | Reached XP level 3. HP: 30/30 MP: 2/5
  1266 | D:2      | Learned a level 2 spell: Song of Slaying
  1354 | D:2      | Reached skill level 5 in Axes
  1376 | D:2      | HP: 7/30 [poisoned by an adder]
  1381 | D:2      | HP: 3/30 [kobold/short sword (3)]
  1387 | D:2      | HP: 2/30 [poisoned by an adder]
  1671 | D:2      | Noticed Terence
  1687 | D:2      | HP: 5/30 [Terence/flail (7)]
  1692 | D:2      | Slain by Terence

Vault maps used:
D:1:      dpeg_arrival_morbid_curiosity, nemelex_xobeh_ov_fountains_minmay
D:2:      lightli_corner_chamber, uniq_terence

Skill      XL: |  1  2  3 |
---------------+----------+-----
Axes           | 3 4 5 |  5.4
Fighting       | |  2.4
Armour         | |  1.1
Dodging        | |  1.5
Spellcasting   | |  1.5
Charms         | |  2.6

Action                   || total
-------------------------++-------
Melee: Hand axe          ||   114
 Cast: Infusion          ||    18
       Song of Slaying   ||     4
  Eat: Chunk             ||     3
Armor: Leather armour    ||    35
Dodge: Dodged            ||    62

Vault maps used:
D:1:      dpeg_arrival_morbid_curiosity, nemelex_xobeh_ov_fountains_minmay
D:2:      lightli_corner_chamber, uniq_terence

Table legend:
 A = Turns spent in this place as a percentage of turns spent in the entire game.
 B = Non-inter-level travel turns spent in this place as a percentage of non-inter-level travel turns spent in the entire game.
 C = Inter-level travel turns spent in this place as a percentage of turns spent in this place.
 D = Turns resting spent in this place as a percentage of non-inter-level travel turns spent in this place.
 E = Turns spent auto-exploring this place as a percentage of non-inter-level travel turns spent in this place.
 F = Non-inter-level travel turns spent in this place divided by the number of levels of this place that you've seen.
                   A       B       C       D       E      F
               +-------+-------+-------+-------+-------+----------------------
         Total | 100.0 | 100.0 |   0.4 |   2.3 |   8.1 | 265.5
       Dungeon | 100.0 | 100.0 |   0.4 |   2.3 |   8.1 | 265.5
               +-------+-------+-------+-------+-------+----------------------

Table legend:
 A = Kills in this place as a percentage of kills in entire the game.
 B = Kills by you in this place as a percentage of kills by you in the entire game.
 C = Kills by friends in this place as a percentage of kills by friends in the entire game.
 D = Other kills in this place as a percentage of other kills in the entire game.
 E = Experience gained in this place as a percentage of experience gained in the entire game.
 F = Experience gained in this place divided by the number of levels of this place that you have seen.
                   A       B       C       D       E      F
               +-------+-------+-------+-------+-------+----------------------
         Total | 100.0 | 100.0 |  -nan |  -nan | 100.0 |  38.0
       Dungeon | 100.0 | 100.0 |  -nan |  -nan | 100.0 |  38.0
               +-------+-------+-------+-------+-------+----------------------
